Workbook

Sheet Guide
A1: Multichannel sales overview
A3: How the template works
A4: 1. On the “Sales” sheet, enter every order with date, channel, gross revenue, VAT rate, cost of goods and fees (or paste an export from your marketplaces).
A5: 2. The “Analysis” sheet summarises orders, net revenue, fees and contribution margin per channel – including a chart.
A6: 3. In the “Month” field of the analysis, you can choose a month (first day of the month) or leave it empty for all data.
A7: Assumption: standard VAT with input tax deduction – cost of goods, fees and shipping net.
A9: Legend
A10: Yellow + blue text: enter here
A11: Grey + black text: calculated – please don't overwrite
A13: As of 27 Oct 2026 · Softwarekompass · free template, not tax or legal advice

Sheet Analysis
A1: Analysis by channel
A2: Month (first day, empty = all):
A4: Channel | B4: Orders | C4: Net revenue | D4: Fees | E4: Contribution margin | F4: CM ratio | G4: Share of revenue
A5: Amazon | B5: =COUNTIFS(Sales!$B$2:$B$501,$A5,Sales!$K$2:$K$501,IF($C$2="","<>",$C$2)) | C5: =SUMIFS(Sales!$L$2:$L$501,Sales!$B$2:$B$501,$A5,Sales!$K$2:$K$501,IF($C$2="","<>",$C$2)) | D5: =SUMIFS(Sales!$I$2:$I$501,Sales!$B$2:$B$501,$A5,Sales!$K$2:$K$501,IF($C$2="","<>",$C$2)) | E5: =SUMIFS(Sales!$M$2:$M$501,Sales!$B$2:$B$501,$A5,Sales!$K$2:$K$501,IF($C$2="","<>",$C$2)) | F5: =IFERROR(E5/C5,0) | G5: =IFERROR(C5/$C$13,0)
A6: eBay | B6: =COUNTIFS(Sales!$B$2:$B$501,$A6,Sales!$K$2:$K$501,IF($C$2="","<>",$C$2)) | C6: =SUMIFS(Sales!$L$2:$L$501,Sales!$B$2:$B$501,$A6,Sales!$K$2:$K$501,IF($C$2="","<>",$C$2)) | D6: =SUMIFS(Sales!$I$2:$I$501,Sales!$B$2:$B$501,$A6,Sales!$K$2:$K$501,IF($C$2="","<>",$C$2)) | E6: =SUMIFS(Sales!$M$2:$M$501,Sales!$B$2:$B$501,$A6,Sales!$K$2:$K$501,IF($C$2="","<>",$C$2)) | F6: =IFERROR(E6/C6,0) | G6: =IFERROR(C6/$C$13,0)
A7: Kaufland | B7: =COUNTIFS(Sales!$B$2:$B$501,$A7,Sales!$K$2:$K$501,IF($C$2="","<>",$C$2)) | C7: =SUMIFS(Sales!$L$2:$L$501,Sales!$B$2:$B$501,$A7,Sales!$K$2:$K$501,IF($C$2="","<>",$C$2)) | D7: =SUMIFS(Sales!$I$2:$I$501,Sales!$B$2:$B$501,$A7,Sales!$K$2:$K$501,IF($C$2="","<>",$C$2)) | E7: =SUMIFS(Sales!$M$2:$M$501,Sales!$B$2:$B$501,$A7,Sales!$K$2:$K$501,IF($C$2="","<>",$C$2)) | F7: =IFERROR(E7/C7,0) | G7: =IFERROR(C7/$C$13,0)
A8: OTTO | B8: =COUNTIFS(Sales!$B$2:$B$501,$A8,Sales!$K$2:$K$501,IF($C$2="","<>",$C$2)) | C8: =SUMIFS(Sales!$L$2:$L$501,Sales!$B$2:$B$501,$A8,Sales!$K$2:$K$501,IF($C$2="","<>",$C$2)) | D8: =SUMIFS(Sales!$I$2:$I$501,Sales!$B$2:$B$501,$A8,Sales!$K$2:$K$501,IF($C$2="","<>",$C$2)) | E8: =SUMIFS(Sales!$M$2:$M$501,Sales!$B$2:$B$501,$A8,Sales!$K$2:$K$501,IF($C$2="","<>",$C$2)) | F8: =IFERROR(E8/C8,0) | G8: =IFERROR(C8/$C$13,0)
A9: Shopify | B9: =COUNTIFS(Sales!$B$2:$B$501,$A9,Sales!$K$2:$K$501,IF($C$2="","<>",$C$2)) | C9: =SUMIFS(Sales!$L$2:$L$501,Sales!$B$2:$B$501,$A9,Sales!$K$2:$K$501,IF($C$2="","<>",$C$2)) | D9: =SUMIFS(Sales!$I$2:$I$501,Sales!$B$2:$B$501,$A9,Sales!$K$2:$K$501,IF($C$2="","<>",$C$2)) | E9: =SUMIFS(Sales!$M$2:$M$501,Sales!$B$2:$B$501,$A9,Sales!$K$2:$K$501,IF($C$2="","<>",$C$2)) | F9: =IFERROR(E9/C9,0) | G9: =IFERROR(C9/$C$13,0)
A10: WooCommerce | B10: =COUNTIFS(Sales!$B$2:$B$501,$A10,Sales!$K$2:$K$501,IF($C$2="","<>",$C$2)) | C10: =SUMIFS(Sales!$L$2:$L$501,Sales!$B$2:$B$501,$A10,Sales!$K$2:$K$501,IF($C$2="","<>",$C$2)) | D10: =SUMIFS(Sales!$I$2:$I$501,Sales!$B$2:$B$501,$A10,Sales!$K$2:$K$501,IF($C$2="","<>",$C$2)) | E10: =SUMIFS(Sales!$M$2:$M$501,Sales!$B$2:$B$501,$A10,Sales!$K$2:$K$501,IF($C$2="","<>",$C$2)) | F10: =IFERROR(E10/C10,0) | G10: =IFERROR(C10/$C$13,0)
A11: Own shop | B11: =COUNTIFS(Sales!$B$2:$B$501,$A11,Sales!$K$2:$K$501,IF($C$2="","<>",$C$2)) | C11: =SUMIFS(Sales!$L$2:$L$501,Sales!$B$2:$B$501,$A11,Sales!$K$2:$K$501,IF($C$2="","<>",$C$2)) | D11: =SUMIFS(Sales!$I$2:$I$501,Sales!$B$2:$B$501,$A11,Sales!$K$2:$K$501,IF($C$2="","<>",$C$2)) | E11: =SUMIFS(Sales!$M$2:$M$501,Sales!$B$2:$B$501,$A11,Sales!$K$2:$K$501,IF($C$2="","<>",$C$2)) | F11: =IFERROR(E11/C11,0) | G11: =IFERROR(C11/$C$13,0)
A12: Other | B12: =COUNTIFS(Sales!$B$2:$B$501,$A12,Sales!$K$2:$K$501,IF($C$2="","<>",$C$2)) | C12: =SUMIFS(Sales!$L$2:$L$501,Sales!$B$2:$B$501,$A12,Sales!$K$2:$K$501,IF($C$2="","<>",$C$2)) | D12: =SUMIFS(Sales!$I$2:$I$501,Sales!$B$2:$B$501,$A12,Sales!$K$2:$K$501,IF($C$2="","<>",$C$2)) | E12: =SUMIFS(Sales!$M$2:$M$501,Sales!$B$2:$B$501,$A12,Sales!$K$2:$K$501,IF($C$2="","<>",$C$2)) | F12: =IFERROR(E12/C12,0) | G12: =IFERROR(C12/$C$13,0)
A13: Total | B13: =SUM(B5:B12) | C13: =SUM(C5:C12) | D13: =SUM(D5:D12) | E13: =SUM(E5:E12) | F13: =IFERROR(E13/C13,0) | G13: =IFERROR(C13/C13,0)

Sheet Sales
A1: Date | B1: Channel | C1: Order number | D1: Items | E1: Quantity | F1: Gross revenue | G1: VAT rate | H1: Net cost of goods | I1: Net fees | J1: Net shipping | K1: Month | L1: Net revenue | M1: Contribution margin
A2: 46298 | B2: Amazon | C2: 302-1234567-1234567 | D2: Power bank 10,000 mAh | E2: 1 | F2: 29.99 | G2: 0.19 | H2: 9.5 | I2: 4.5 | J2: 3.2 | K2: =IF($A2="","",DATE(YEAR($A2),MONTH($A2),1)) | L2: =IF($F2="","",F2/(1+G2)) | M2: =IF($F2="","",L2-H2-I2-J2)
A3: 46299 | B3: eBay | C3: 12-34567-89012 | D3: Gaming headset | E3: 1 | F3: 59.9 | G3: 0.19 | H3: 21 | I3: 4.54 | J3: 4.1 | K3: =IF($A3="","",DATE(YEAR($A3),MONTH($A3),1)) | L3: =IF($F3="","",F3/(1+G3)) | M3: =IF($F3="","",L3-H3-I3-J3)
A4: 46300 | B4: Kaufland | C4: KL-778899 | D4: Power bank 10,000 mAh | E4: 2 | F4: 57.98 | G4: 0.19 | H4: 19 | I4: 3.41 | J4: 4.8 | K4: =IF($A4="","",DATE(YEAR($A4),MONTH($A4),1)) | L4: =IF($F4="","",F4/(1+G4)) | M4: =IF($F4="","",L4-H4-I4-J4)
K5: =IF($A5="","",DATE(YEAR($A5),MONTH($A5),1)) | L5: =IF($F5="","",F5/(1+G5)) | M5: =IF($F5="","",L5-H5-I5-J5)
K6: =IF($A6="","",DATE(YEAR($A6),MONTH($A6),1)) | L6: =IF($F6="","",F6/(1+G6)) | M6: =IF($F6="","",L6-H6-I6-J6)
K7: =IF($A7="","",DATE(YEAR($A7),MONTH($A7),1)) | L7: =IF($F7="","",F7/(1+G7)) | M7: =IF($F7="","",L7-H7-I7-J7)
K8: =IF($A8="","",DATE(YEAR($A8),MONTH($A8),1)) | L8: =IF($F8="","",F8/(1+G8)) | M8: =IF($F8="","",L8-H8-I8-J8)
K9: =IF($A9="","",DATE(YEAR($A9),MONTH($A9),1)) | L9: =IF($F9="","",F9/(1+G9)) | M9: =IF($F9="","",L9-H9-I9-J9)
K10: =IF($A10="","",DATE(YEAR($A10),MONTH($A10),1)) | L10: =IF($F10="","",F10/(1+G10)) | M10: =IF($F10="","",L10-H10-I10-J10)
K11: =IF($A11="","",DATE(YEAR($A11),MONTH($A11),1)) | L11: =IF($F11="","",F11/(1+G11)) | M11: =IF($F11="","",L11-H11-I11-J11)
K12: =IF($A12="","",DATE(YEAR($A12),MONTH($A12),1)) | L12: =IF($F12="","",F12/(1+G12)) | M12: =IF($F12="","",L12-H12-I12-J12)
K13: =IF($A13="","",DATE(YEAR($A13),MONTH($A13),1)) | L13: =IF($F13="","",F13/(1+G13)) | M13: =IF($F13="","",L13-H13-I13-J13)
K14: =IF($A14="","",DATE(YEAR($A14),MONTH($A14),1)) | L14: =IF($F14="","",F14/(1+G14)) | M14: =IF($F14="","",L14-H14-I14-J14)
K15: =IF($A15="","",DATE(YEAR($A15),MONTH($A15),1)) | L15: =IF($F15="","",F15/(1+G15)) | M15: =IF($F15="","",L15-H15-I15-J15)
K16: =IF($A16="","",DATE(YEAR($A16),MONTH($A16),1)) | L16: =IF($F16="","",F16/(1+G16)) | M16: =IF($F16="","",L16-H16-I16-J16)
... K501: =IF($A501="","",DATE(YEAR($A501),MONTH($A501),1)) | L501: =IF($F501="","",F501/(1+G501)) | M501: =IF($F501="","",L501-H501-I501-J501)
